 Dungeon Crawl Stone Soup version 0.22.0-6-g71bd7aa (webtiles) character file.

111 MovingMist the Shield-Bearer (level 4, 0/29 HPs)
             Began as a Gargoyle Fighter on Aug 15, 2018.
             Splashed by a jelly's acid (9 damage)
             ... on level 2 of the Dungeon.
             The game lasted 00:03:15 (1461 turns).

MovingMist the Shield-Bearer (Gargoyle Fighter)     Turns: 1461, Time: 00:03:16

Health: 0/29       AC: 15    Str: 19    XL:     4   Next: 92%
Magic:  4/4        EV:  3    Int:  9    God:
Gold:   47         SH:  9    Dex: 10    Spells: 3/3 levels left

rFire    . . .     SeeInvis .   a - +0 flail
rCold    . . .     Gourm    .   c - +0 shield
rNeg     + . .     Faith    .   g - +0 plate armour
rPois    ∞         Spirit   .   (no helmet)
rElec    +         Reflect  .   (no cloak)
rCorr    .         Harm     .   (no gloves)
MR       .....                  (no boots)
Stlth    ..........             (no amulet)
HPRegen  0.09/turn              (no ring)
MPRegen  0.09/turn              (no ring)

@: no status effects
A: negative energy resistance 1, electricity resistance, unbreathing,
petrification resistance, rot immunity, AC +3
a: no special abilities


You were on level 2 of the Dungeon.
You were not hungry.

You visited 1 branch of the dungeon, and saw 2 of its levels.

You collected 47 gold pieces.

Inventory:

Hand Weapons
 a - a +0 flail (weapon)
Armour
 c - a +0 shield (worn)
 g - a +0 plate armour (worn)
Jewellery
 m - an uncursed ring of fire {unknown}
 p - an uncursed ring of protection from cold {unknown}
 s - an uncursed ring of stealth {unknown}
Scrolls
 e - a scroll of remove curse
 n - a scroll of fear
Potions
 d - a potion of might
 h - 2 potions of degeneration {unknown}
 l - a potion of curing {unknown}
 o - a potion of heal wounds {unknown}
 r - a potion of resistance {unknown}
Comestibles
 b - 3 chunks of flesh
 f - 5 rations


   Skills:
 + Level 4.0 Fighting
 + Level 2.8 Maces & Flails
 + Level 3.9 Armour
 * Level 4.5 Shields


You had 3 spell levels left.
You didn't know any spells.
Your spell library was empty.

Dungeon Overview and Level Annotations

Branches:
Dungeon (2/15)

Altars:
Cheibriados


Innate Abilities, Weirdness & Mutations

You are resistant to torment.
Your stone body is resilient. (AC +3)
You are immune to poison.
You resist negative energy. (rN+)
You are resistant to electric shocks. (rElec)
You can survive without breathing.
You are immune to petrification.
You are immune to rotting.


Message History

Found four items.
There is an open door here.
The ooze hits you.
You sock the jelly!
Your hands burn!
The jelly is heavily wounded.
The ooze hits the fungus. x2; The ooze hits you but does no damage.
The ooze hits the fungus.
The jelly hits you.
You are splashed with acid!
The acid burns!
You block the jelly's attack.
You hit the jelly.
Your hands burn!
The jelly is severely wounded.
The ooze hits the fungus.
The ooze barely misses you.
The ooze jiggles.
The jelly hits you but does no damage. x2
The ooze hits the fungus but does no damage.
The ooze hits the fungus. x3; The ooze hits you.
The jelly hits the fungus.
The fungus is splashed with acid.
The ooze hits the fungus. x2; The ooze hits you but does no damage.
The ooze hits the fungus. x3; The jelly hits you.
You are splashed with acid!
The acid burns!
You die...

#.####.#..#.#####...##..#.##.....
.................................
#.###..##.#.#####..###..#.##.....
#.#.......#.#####................
.................................
#.###..###############..#........
.......# ######## #######.....
#.#.#..# #....JJ########## #.....
#.#.#..# #.÷.JJP@##.....[###.....
..#....# #÷..JJJ#.#.......##.....
....#.## #...PPJ#.#........'.....
....#.# #..÷J÷J#.#.......('.....
....#.# #÷.PPP.#.#'#..(..)(.....
#.#.#.# #..÷J..#.#.#.....##.....
#.#.#.# #.P..P÷#.#.#....####....
#.#.#.####).....##.####### ##...
........############ #..(.


You could see 3 jellies and 8 oozes.

Vanquished Creatures
  A scorpion (D:2)
  5 dart slugs
  A giant cockroach (D:1)
  3 goblins
  2 hobgoblins (D:1)
  13 jackals
  10 kobolds
  2 quokkas (D:2)
  3 bats
  2 frilled lizards (D:2)
  5 rats
  A bush (D:2)
48 creatures vanquished.

Vanquished Creatures (others)
  8 toadstools (D:2)
8 creatures vanquished.

Grand Total: 56 creatures vanquished

Notes
Turn   | Place    | Note
-------+----------+-------------------------------------------
     0 | D:1      | MovingMist the Gargoyle Fighter began the quest for the Orb.
     0 | D:1      | Reached XP level 1. HP: 14/14 MP: 1/1
   162 | D:1      | Reached XP level 2. HP: 19/19 MP: 2/2
   400 | D:1      | Reached XP level 3. HP: 23/23 MP: 3/3
   903 | D:2      | Noticed a scorpion
   913 | D:2      | Killed a scorpion
   913 | D:2      | Reached XP level 4. HP: 21/29 MP: 4/4
   939 | D:2      | Found a snail-covered altar of Cheibriados.
  1461 | D:2      | Splashed by a jelly's acid

Skill      XL: |  1  2  3  4 |
---------------+-------------+-----
Shields        | 4 |  4.5
Fighting       | 4 |  4.0
Maces & Flails | |  2.8
Armour         | |  3.9

Action                   |  1- 3 |  4- 6 || total
-------------------------+-------+-------++-------
Melee: Flail             |   155 |    29 ||   184
  Use: Scroll            |       |     5 ||     5
  Eat: Chunk             |       |     2 ||     2
Armor: Scale mail        |    70 |    12 ||    82
       Plate armour      |       |     9 ||     9
Dodge: Dodged            |    28 |    12 ||    40
Block: Shield            |    60 |    13 ||    73
